FIQ, neutral male gnomish Wizard --.------ |.{.....| # %f.......| -----.---------- -------- f@|.......| #......<........| |......| %)---.----- ###|..............| |......| o #### # |..............| |......| ###### ) # ### |..............| |.......#######----- # ## # --------.------- -------- #.....# -----------# --|-----# # #|...|#####..........|# |.......# # #|...| ## |..........# |......| # #-....#####|........%| |......| ### ###|...| ----------- -------- # ###|...| -----.----- ### ----- |.........| ----------##*############################################## |...>.....| |...(....-# |.........| |........| |.........| ---------- ----------- FIQ the Thaumaturge Experience level: 6 Strength: 10 Dexterity: 15 Constitution: 13 Intelligence: 19 Wisdom: 9 Charisma: 14 Health: 13(34) Energy: 37(37) Def: 4 Gold: 1283 Moves: 5626 Dungeon seed: UMIBuJyCtIhHvSnc Game ID: FIQ_1469487201 Your Inventory: Coins $ - 1283 gold pieces Amulets W - an uncursed amulet of magical breathing (being worn) Weapons a - a blessed +1 quarterstaff X - a +0 elven dagger (weapon in hand) Armor e - an uncursed +0 cloak of magic resistance (being worn) r - an uncursed +0 orcish helm (being worn) Comestibles f - 3 uncursed eggs B - 3 uncursed food rations F - 2 uncursed lichen corpses M - 2 uncursed tripe rations R - 3 uncursed fortune cookies Scrolls i - an uncursed scroll of create monster j - 2 uncursed scrolls of light k - 3 uncursed scrolls of remove curse q - an uncursed scroll of confuse monster v - a blessed scroll of confuse monster w - 2 uncursed scrolls of identify x - 2 uncursed scrolls of teleportation I - 2 uncursed scrolls of earth L - an uncursed scroll of blank paper V - an uncursed scroll of enchant armor Spellbooks l - a blessed spellbook of force bolt m - an uncursed spellbook of charm monster s - an uncursed spellbook of knock Potions g - an uncursed potion of gain ability h - an uncursed potion of water p - an uncursed potion of object detection C - a cursed potion of oil D - a blessed potion of speed O - an uncursed potion of see invisible Rings c - an uncursed ring of polymorph control d - an uncursed +1 ring of adornment A - a cursed -3 ring of increase damage H - an uncursed ring of sustain ability Wands b - a wand of locking (0:6) J - a wand of create monster (0:14) S - a wand of cancellation (0:5) U - a wand of cancellation (0:6) Tools n - a magic marker (0:44) t - an uncursed towel Q - an uncursed figurine of a kobold zombie Spells and supernatural/magical abilities: Name Level Category Fail Memory a - force bolt 1 attack 0% 72% e - charm monster 3 enchantment 0% 72% k - knock 1 matter 0% 73% W - pray for help -- divine ? -- Your skills at the end: Fighting Skills wands [Basic] Weapon Skills quarterstaff [Basic] Spellcasting Skills attack spells [Basic] enchantment spells [Basic] Final Attributes: You were piously aligned. You were magic-protected. You saw invisible. You were telepathic. You had infravision. You could survive without air. You were protected. You are dead (2nd time!). Vanquished creatures: a small mimic a wolf 2 leprechauns a giant spider an orc mummy an owlbear a yeti a blue jelly a raven 2 snakes 3 soldier ants a fire ant a bugbear 3 mountain nymphs 9 Uruk-hai 3 rock piercers 2 rock moles a yellow light a violet fungus 2 kobold mummies a gray ooze a ghoul a paper golem 4 giant ants a little dog 3 floating eyes a homunculus 2 kobold lords 3 hill orcs a giant bat 4 dwarf zombies 2 wererats 4 werejackals 4 iguanas 12 killer bees 2 coyotes a hobbit a manes 6 giant rats 2 cave spiders a yellow mold a green mold a gnome a gnome zombie 6 geckos 9 jackals 2 foxes 2 kobolds 3 goblins 6 sewer rats 9 grid bugs a bat 9 lichens 4 kobold zombies 4 newts 153 creatures vanquished. Voluntary challenges: You used a wielded weapon 19 times, starting on turn 119. You read items or engraved 105 times, starting on turn 122. You never genocided any monsters. You never polymorphed an object. You never changed form. You used no wishes. You never split a pudding. You wrote Elbereth's name 87 times, starting on turn 934. You violated your moral code, losing 3 points of alignment, starting on turn 1995. Dungeon overview: The Dungeons of Doom: levels 1 to 10 Level 1 a long staircase Level 2 Level 3 an armor shop, some fountains a long staircase Level 4 an altar to Anhur, a fountain Level 5 many fountains Level 6 stairs to Sokoban Level 7 a fountain Level 8 a fountain Level 9 Level 10 <- You were here a temple to Anhur, a fountain Sokoban: levels 4 to 5 Level 4 Level 5 stairs to The Dungeons of Doom History has recorded: On T:1 you entered the Dungeons of Doom to retrieve the Amulet of Yendor! On T:475 you reached level 2 of The Dungeons of Doom. On T:659 you reached level 3 of The Dungeons of Doom. On T:1226 you advanced to experience level 2. On T:1309 you reached level 4 of The Dungeons of Doom. On T:1576 you reached level 5 of The Dungeons of Doom. On T:1986 you advanced to experience level 3. On T:2156 you reached level 6 of The Dungeons of Doom. On T:2372 you reached level 4 of Sokoban. On T:2625 you advanced to experience level 4. On T:2792 you reached level 3 of Sokoban. On T:3007 you reached level 7 of The Dungeons of Doom. On T:3363 you reached level 8 of The Dungeons of Doom. On T:3853 you reached level 9 of The Dungeons of Doom. On T:4378 you were saved from death by your amulet of life saving! On T:4703 you advanced to experience level 5. On T:4925 you reached level 10 of The Dungeons of Doom. On T:5179 you advanced to experience level 6. Score breakdown: Gold: 1283 (10574 points) Experience: 6 levels (12456 points) Exploration: 10 levels ( 19.61%) (12727 points) Discoveries: 14 items ( 4.83%) ( 6591 points) Valuables value: (no points given unless you survive) Artifact value: 0 ( 0 points) Variety of kills: 55 monsters ( 14.36%) (11368 points) Turncount: 5626 turns (-1528 points) Survival: died (score multiplied by 80%) Total score: 41750 Latest messages: You see here a rock mole corpse. The Uruk-hai picks up a few items from the floor. The Uruk-hai picks up several items from the floor. The Uruk-hai wields a crude bow! The Uruk-hai wields a crude short sword! The Uruk-hai wields a crude bow! The Uruk-hai wields a crude short sword! The Uruk-hai wields a crude bow! The Uruk-hai wields a crude short sword! You hear some noises nearby. (5x) The Uruk-hai is killed! The Uruk-hai picks up several items from the floor. The Uruk-hai wields a crude bow! The large cat drops an iron skull cap. The Uruk-hai wields a crude short sword! The Uruk-hai wields a crude bow! The Uruk-hai wields a crude short sword! The Uruk-hai wields a crude bow! The Uruk-hai wields a crude short sword! The Uruk-hai wields a crude bow! The Uruk-hai wields a crude short sword! The Uruk-hai wields a crude bow! The Uruk-hai shoots 2 poisoned crude arrows! You are almost hit by the 1st poisoned crude arrow. You are hit by the 2nd poisoned crude arrow. The poison was deadly... Final status: Goodbye FIQ the Wizard, poisoned by an orcish arrow... You were poisoned in The Dungeons of Doom on dungeon level 10 with 41750 points, and 1283 pieces of gold, after 5626 moves. You were level 6 with a maximum of 34 hit points when you were poisoned.